Map: Invader LE

Players

Nalan - Winner!

  • Race: Zerg Zerg
  • League: Diamond

blackxored

  • Race: Zerg Zerg
  • League: Diamond

VOD

Have the link to the VOD?

Description

Time

  • Played on: June 19, 2016, 4:13 p.m.
  • Length: 8:45
Show
View Real Time Build Order
Export as new Build Order

Nalan Zerg - Winner!

Build Orders: Hatch First 

Get SALT Encoding   

  12  0:01  Drone  
  13  0:13  Overlord  
  13  0:20  Drone  
  14  0:33  Drone x2  
  16  0:43  Drone  
  17  1:00  Drone  
  18  1:04  Hatchery  
  17  1:14  Spawning Pool  
  17  1:15  Drone  
  17  1:21  Drone x2  
  19  1:29  Extractor  
  19  1:30  Drone  
  19  1:40  Drone  
  20  2:04  Queen  
  20  2:06  Zergling x2, Spine Crawler  
  20  2:08  Overlord  
  22  2:19  Queen  
  24  2:26  Zergling x6  
  27  2:30  Metabolic Boost  
  27  2:34  Drone  
  28  2:57  Baneling Nest  
  27  3:09  Drone  
  27  3:10  Drone x5  
  33  3:18  Drone  
  31  3:29  Zergling x10  
  31  3:30  Zergling x2  
  35  3:34  Zergling x2  
  35  3:40  Spine Crawler  
  35  3:45  Zergling x2  
  36  3:49  Baneling x4  
  36  3:56  Roach Warren  
  36  3:57  Drone  
  36  3:58  Overlord x2  
  36  4:18  Drone x7  
  43  4:36  Drone x3  
  43  4:37  Drone  
  49  4:53  Roach x2  
  49  4:57  Overlord x2  
  51  5:10  Overlord x2  
  51  5:17  Roach x7  
  65  5:27  Overlord  
  64  5:33  Roach x3  
  64  5:34  Roach  
  72  5:43  Roach  
  72  5:45  Overlord  
  72  5:46  Overlord  
  74  5:51  Zergling x4  
  76  5:59  Roach  
  75  6:14  Zergling x2  
  75  6:15  Zergling x8  
  71  6:27  Zergling x2  
  71  6:28  Zergling x8  
  75  6:35  Ravager  
  74  6:47  Ravager  
  74  6:50  Zergling x10  
  79  6:58  Hatchery  
  76  7:05  Spore Crawler  
  72  7:10  Zergling x18  
  54  7:44  Lair  
  54  7:47  Extractor  
  54  7:48  Spore Crawler  
  54  7:51  Spore Crawler  
  45  7:53  Spore Crawler  
  45  7:54  Drone x2  
  45  7:55  Spore Crawler, Drone x7  
  41  8:05  Zergling x4  
  43  8:10  Extractor  
  42  8:13  Extractor  
  41  8:24  Zergling x2  
  41  8:25  Zergling x14  
Show
View Real Time Build Order
Export as new Build Order

blackxored Zerg 

Build Orders: Hatch First 

Get SALT Encoding   

  12  0:02  Drone  
  13  0:08  Drone  
  14  0:17  Overlord  
  14  0:23  Extractor  
  14  0:24  Drone  
  15  0:37  Drone  
  15  0:38  Drone  
  17  0:54  Hatchery  
  16  1:07  Drone x3  
  19  1:21  Extractor, Spawning Pool  
  19  1:24  Drone  
  18  1:29  Drone  
  19  1:40  Overlord  
  19  1:50  Drone  
  20  2:09  Spine Crawler  
  20  2:10  Zergling x4  
  20  2:11  Queen  
  20  2:12  Queen  
  25  2:16  Zergling x2  
  26  2:25  Metabolic Boost  
  26  2:35  Drone x2  
  26  2:36  Drone x2  
  30  2:46  Baneling Nest  
  29  3:01  Zergling x2  
  29  3:03  Zergling x2  
  31  3:06  Zergling x2  
  31  3:09  Zergling x2  
  31  3:11  Zergling x2  
  34  3:12  Hatchery  
  34  3:14  Zergling x2  
  33  3:40  Drone x3  
  36  3:42  Overlord  
  36  3:43  Lair  
  36  3:50  Baneling x2  
  36  4:03  Drone x8  
  36  4:08  Overlord  
  44  4:17  Overlord  
  44  4:20  Overlord  
  44  4:25  Extractor  
  44  4:27  Drone x2  
  44  4:28  Extractor  
  44  4:29  Extractor, Drone  
  44  4:32  Drone  
  44  4:36  Drone x2  
  44  4:37  Drone  
  48  4:39  Drone  
  48  4:41  Drone  
  48  4:43  Drone  
  51  4:58  Drone  
  51  4:59  Spire  
  51  5:00  Overseer  
  51  5:03  Overlord  
  51  5:05  Drone  
  51  5:06  Drone x2  
  53  5:09  Drone x2  
  53  5:14  Overlord  
  55  5:24  Extractor, Baneling x3  
  55  5:25  Baneling x2  
  54  5:29  Overlord  
  54  5:42  Zergling x22  
  65  5:59  Zergling x2  
  65  6:00  Zergling x8  
  70  6:05  Spine Crawler  
  70  6:08  Spine Crawler  
  62  6:17  Zergling x10  
  62  6:18  Zergling x10  
  57  6:28  Mutalisk x3  
  57  6:32  Mutalisk  
  63  6:40  Mutalisk x2  
  64  6:47  Mutalisk x2  
  66  6:55  Mutalisk x2  
  66  6:59  Zergling x4  
  66  7:01  Zergling x2  
  52  7:11  Mutalisk x2  
  55  7:16  Zergling x2  
  54  7:29  Drone x4  
  40  7:38  Drone  
  32  8:09  Drone  
Tags
 
Add a new tag
Caveats
  • Supply blocks, unpowered buildings, or Contaminate may cause inaccurate times.
  • Supply counts are checked every 10 seconds.